 Dungeon Crawl Stone Soup version 0.28.0-62-gf88900778d (webtiles) character file.

Game seed: 10262945126185205981

79 cbfl8 the Sneak (level 4, -8/23 HPs)
             Began as a Spriggan Brigand on June 1, 2023.
             Killed by divine providence
             ... invoked by an orc priest
              (15 damage)
             ... on level 3 of the Dungeon.
             The game lasted 00:03:08 (3432 turns).

cbfl8 the Sneak (Spriggan Brigand)                  Turns: 3432, Time: 00:03:09

Health: -8/23      AC:  3    Str: 15    XL:     4   Next: 16%
Magic:  5/5        EV: 17    Int: 18    God:
Gold:   78         SH:  0    Dex: 16    Spells: 3/3 levels left

rFire   . . .      SeeInvis +   a - +2 dagger
rCold   . . .      Faith    .   (no shield)
rNeg    . . .      Spirit   .   b - +0 robe
rPois   .          Reflect  .   (helmet restricted)
rElec   .          Harm     .   c - +0 cloak
rCorr   .          Rampage  .   (gloves unavailable)
Will    .....                   (boots unavailable)
Stlth   ++++......              j - amulet of magic regeneration
HPRegen 0.07/turn               h - +6 ring of intelligence
MPRegen 0.49/turn               k - +6 ring of strength

@: very quick
A: very small, no large weapons, unfitting armour, see invisible, speed 3
a: no special abilities


You were on level 3 of the Dungeon.
You visited 1 branch of the dungeon, and saw 3 of its levels.

You collected 78 gold pieces.

Inventory:

Hand Weapons
 a - a +2 dagger (weapon)
Missiles
 d - 8 poisoned darts (quivered)
 e - 2 curare-tipped darts
Armour
 b - a +0 robe (worn)
 c - a +0 cloak (worn)
Jewellery
 h - a +6 ring of intelligence (left hand)
 j - an amulet of magic regeneration (around neck)
 k - a +6 ring of strength (right hand)
Scrolls
 g - a scroll of torment {unknown}
 i - a scroll of teleportation {unknown}
Potions
 f - a potion of lignification {unknown}
 l - a potion of magic {unknown}
 m - a potion of brilliance {unknown}


   Skills:
 + Level 1.8 Fighting
 + Level 2.6 Short Blades
 + Level 2.1 Throwing
 + Level 2.1 Dodging
 * Level 7.6 Stealth
 * Level 1.0 Evocations


You had 3 spell levels left.
You didn't know any spells.
Your spell library contained the following spells:

 Spells                   Type           Power      Damage    Failure   Level
 Corpse Rot               Necr/Air       0%         N/A       32%         2
 Poisonous Vapours        Pois/Air       0%         N/A       32%         2
 Gell's Gravitas          Tloc           0%         N/A       54%         3
 Teleport Other           Tloc           0%         N/A       54%         3
 Dispersal                Tloc           0%         N/A       100%        6


Dungeon Overview and Level Annotations

Branches:
Dungeon (3/15)

Altars:


Innate Abilities, Weirdness & Mutations

You are very small and have problems with some larger weapons.
You are too small for most types of armour.
You have supernaturally acute eyesight. (SInv)
You cover ground extremely quickly. (Speed+++)


Message History

The adder closely misses you.
You barely miss the adder.
The adder is lightly wounded.
The adder bites you.
You hit the adder.
The adder is moderately wounded.
The adder completely misses you.
You hit the adder.
The adder is almost dead.
The adder closely misses you.
You hit the adder.
You kill the adder!
The orc priest closely misses you.
Your Evocations skill increases to level 1!
The orc priest looks satisfied for a moment.
You see here an adder corpse.
The orc priest closely misses you.
You hit the orc priest.
The orc priest is lightly wounded.
You hit the orc priest but do no damage.
The orc priest is lightly wounded.
The orc priest barely misses you.
You hit the orc priest.
The orc priest is moderately wounded.
The orc priest hits you with a +0 trident.
You hit the orc priest.
The orc priest is severely wounded.
The orc priest barely misses you.
You closely miss the orc priest.
The orc priest is severely wounded.
The orc priest completely misses you.
You closely miss the orc priest.
The orc priest is severely wounded.
The orc priest hits you with a +0 trident!
You hit the orc priest but do no damage.
The orc priest is severely wounded.
The orc priest invokes the aid of Beogh against you.
Beogh smites you!
Ouch! That really hurt!
You die...

#.# #.######o# #.#
#.#....#.# #.#
#......#.#
####'###...##.#.#####≈##
#.....##...<....o....≈≈≈
#.....###..#............
#.......................
#.....#o################
#.....†@.......
#.....#.######.
#.....#.# #.....#.#
#.......# #........
.........# .#####...#


You could see an orc priest.

Vanquished Creatures
  An adder (D:3)
  A worm (D:2)
  6 orcs (D:2)
  3 ball pythons
  2 bats
  6 endoplasms
  5 giant cockroaches
  5 goblins
  6 hobgoblins
  2 jackals (D:1)
  5 kobolds
  2 quokkas
  2 frilled lizards (D:1)
  6 rats
52 creatures vanquished.

Notes
Turn   | Place    | Note
-------+----------+-------------------------------------------
     0 | D:1      | cbfl8 the Spriggan Brigand began the quest for the Orb.
     0 | D:1      | Reached XP level 1. HP: 10/10 MP: 2/2
    33 | D:1      | Reached skill level 6 in Stealth
   359 | D:1      | Reached XP level 2. HP: 15/15 MP: 3/3
   933 | D:1      | Reached skill level 7 in Stealth
  1100 | D:1      | Reached XP level 3. HP: 18/18 MP: 4/4
  1392 | D:1      | Found a faded altar of an unknown god.
  3312 | D:2      | Reached XP level 4. HP: 21/23 MP: 5/5
  3424 | D:3      | Reached skill level 1 in Evocations
  3432 | D:3      | Killed from afar by an orc priest

Illustrated notes

Levels and vault maps discovered:
D:1:      wander_arrival_estate, layout_loops_ring,
          shapermc_ecumenical_altar_mp_urbaneastern, minmay_worlds_worst_comb
D:2:      layout_basic
D:3:      layout_basic, kennysheep_slug_shrine, serial_shops,
          nicolae_shop_behind_doors, shop, shop, minmay_crystal_water,
          kennysheep_generic_room_4

Skill      XL: |  1  2  3  4 |
---------------+-------------+-----
Stealth        | 6 7 |  7.6
Dodging        | 2 |  2.1
Evocations     | 1 |  1.0
Fighting       | |  1.8
Short Blades   | |  2.6
Throwing       | |  2.1

Action                   |  1- 3 |  4- 6 || total
-------------------------+-------+-------++-------
Melee: Dagger            |   205 |    15 ||   220
       Punch             |     2 |       ||     2
 Stab: Sleeping          |    12 |       ||    12
Armor: Robe              |    24 |       ||    24
Dodge: Dodged            |   129 |    12 ||   141
